 Dungeon Sprint DCSS version 0.29-a0-219-g0a02b1cf4f (webtiles) character file.

Game seed: 9556757241476647437

36 mhtbhm the Chopper (level 3, 0/54 HPs)
             Began as a Deep Dwarf Berserker on Feb 25, 2022.
             Was a Believer of Trog.
             Slain by a water elemental (6 damage)
             ... in the Dungeon (Sprint III: "The Ten Rune Challenge").
             The game lasted 00:00:42 (323 turns).

mhtbhm the Chopper (Deep Dwarf Berserker)            Turns: 323, Time: 00:00:42

Health: 0/54       AC:  2    Str: 22    XL:     3   Next: 19%
Magic:  3/3        EV: 12    Int:  9    God:    Trog [**....]
Gold:   20         SH:  0    Dex: 12    Spells: 2/2 levels left

rFire   . . .      SeeInvis .   a - +0 hand axe
rCold   . . .      Faith    .   (no shield)
rNeg    . . .      Spirit   .   b - +0 animal skin
rPois   .          Reflect  .   (no helmet)
rElec   .          Harm     .   (no cloak)
rCorr   .          Rampage  .   (no gloves)
Will    .....      NoTele   +   (no boots)
Stlth   ..........              (no amulet)
HPRegen 0.00/turn               (no ring)
MPRegen 0.08/turn               (no ring)

@: berserking, very quick
A: damage resistance, heal wounds, sense surroundings 1, no regeneration, clever
1, evolution 1
a: Heal Wounds, Renounce Religion, Berserk, Trog's Hand


You were in the Dungeon.
You worshipped Trog.
Trog was pleased with you.
You visited 1 branch You collected 20 gold pieces.

Inventory:

Hand Weapons
 a - a +0 hand axe (weapon)
Armour
 b - a +0 animal skin (worn)
Scrolls
 h - 3 scrolls of blinking
 j - 2 scrolls of immolation {unknown}
 k - 2 scrolls of identify
 m - a scroll of torment {unknown}
Potions
 c - a potion of curing
 d - a potion of heal wounds
 e - a potion of haste
 f - 2 potions of magic
 g - a potion of berserk rage
 i - 2 potions of mutation
 l - 2 potions of lignification {unknown}
 n - 2 potions of flight


   Skills:
 + Level 4.2 Fighting
 + Level 5.4 Axes
 + Level 3.4 Armour
 + Level 3.3 Dodging
 + Level 0.2 Stealth


You had 2 spell levels left.
You didn't know any spells.
Your spell library was empty.

Dungeon Overview and Level Annotations

Branches:
Dungeon (1/1)

Altars:


Innate Abilities, Weirdness & Mutations

You are resistant to damage.
You can heal yourself by infusing magical energy.
You passively map a small area around you.
You do not regenerate.
Your mind is acute. (Int +2)
You have hidden genetic potential.


Message History

You feel clever.
You open the door.
A water elemental comes into view.
Unknown command.
You aren't carrying any items that you can evoke.
Unknown command.
There is an open door to the Ecumenical Temple here.
The helpless water elemental fails to defend itself.
You hit the water elemental but do no damage.
The water elemental closely misses you.
Unknown command.
There is an open door to the Ecumenical Temple here.
A red film seems to cover your vision as you go berserk!
You feel yourself moving faster!
You feel mighty! The water elemental hits you!!
The water elemental engulfs you in water!
You hit the water elemental.
The water elemental is lightly damaged.
Your lungs strain for air!
The water elemental hits you!
You hit the water elemental.
The water elemental is moderately damaged.
Your lungs strain for air!
The water elemental misses you.
You hit the water elemental.
The water elemental is heavily damaged.
* * * LOW HITPOINT WARNING * * *
Your lungs strain for air!
You hit the water elemental but do no damage.
The water elemental is heavily damaged.
* * * LOW HITPOINT WARNING * * *
Your lungs strain for air!
The water elemental hits you!
* * * LOW HITPOINT WARNING * * *
You slip free of the water engulfing you.
You gasp with relief as air once again reaches your lungs.
You hit the water elemental.
The water elemental is severely damaged.
The water elemental hits you!
You die...

▓▓▓▓▓▓▓▓▓▓▓▓ ▓▓▓
<.#..'.....♣♣ ♣.# * * * * *
..#..#......♣ ♣.# _
#'####.....♣♣ ♣.# ,, _ ,
.....#....≈♣♣ ♣.###+#+###
.....#...≈≈.♣♣♣♣.#........
*
.....#..≈≈≈≈..♣♣@E.⌠......,
####'#..≈≈≈≈≈≈♣..#...#####
, (....#.≈≈≈≈≈≈....#.⌠.#
.....#.≈≈≈≈≈.....#...# _
.....#.≈≈≈.......#+###__ ,
* '#####...........#, , _ ,
..........÷......# ,
▓▓▓▓▓▓▓▓▓▓▓▓▓▓▓▓▓▓ * + ≈ ≈
≈≈


You could see a water elemental.

Vanquished Creatures
  A human (D)
  A wolf (D)
  2 endoplasms (D)
  2 rats (D)
6 creatures vanquished.

Notes
Turn   | Place    | Note
-------+----------+-------------------------------------------
     0 | D        | mhtbhm the Deep Dwarf Berserker began the quest for the
                  | Orb.
     0 | D        | Reached XP level 1. HP: 20/20 MP: 1/1
    16 | D        | Reached ** piety under Trog
    49 | D        | Reached skill level 4 in Axes
    49 | D        | Reached XP level 2. HP: 29/30 MP: 2/2
   201 | D        | Reached skill level 5 in Axes
   201 | D        | Reached XP level 3. HP: 5/36 MP: 3/3
   311 | D        | Gained mutation: You have hidden genetic potential. [potion
                  | of mutation]
   311 | D        | Gained mutation: Your mind is acute. (Int +2) [potion of
                  | mutation]
   312 | D        | Noticed a water elemental
   323 | D        | Slain by a water elemental

Illustrated notes

Levels and vault maps discovered:
D:        dungeon_sprint_mu [sprint_mu_entry_forest, sprint_mu_temple_rooms,
          sprint_mu_d1_spiders, sprint_mu_d2_genie, sprint_mu_d3_branching,
          sprint_mu_orc_legion, sprint_mu_elf_gauntlet, sprint_mu_hive_nellie,
          sprint_mu_lair_fedhas, sprint_mu_vaults_butterflies,
          sprint_mu_slime_circle, sprint_mu_shoals_archi,
          sprint_mu_snake_twists, sprint_mu_blade_basic,
          sprint_mu_crypt_chambers, sprint_mu_tomb_spiral,
          sprint_mu_vestibule_basic, sprint_mu_gehenna_hellfire,
          sprint_mu_dis_giant, sprint_mu_tartarus_statrot,
          sprint_mu_cocytus_islands, sprint_mu_zot1]

Skill      XL: |  1  2 |
---------------+-------+-----
Armour         | 3 |  3.4
Fighting       | 3 4 |  4.2
Axes           | 4 5 |  5.4
Dodging        | 3 |  3.3
Stealth        | |  0.2

Action                   || total
-------------------------++-------
Melee: Hand axe          ||    23
Invok: Berserk           ||     3
 Abil: Heal Wounds       ||     2
  Use: Potion            ||     1
 Stab: Sleeping          ||     2
Armor: Animal skin       ||     3
Dodge: Dodged            ||     8

Table legend: (Time is in decaauts)
 A = Elapsed time spent in this place.
 B = Non-inter-level travel time spent in this place.
 C = Inter-level travel time spent in this place.
 D = Time resting spent in this place.
 E = Time spent auto-exploring this place.
 F = Levels seen in this place.
 G = Mean time per level.
                   A        B        C        D        E       F      G
               +--------+--------+--------+--------+--------+-----+--------+
         Total |    351 |    351 |      0 |    241 |      1 |   1 |  351.0 |
       Dungeon |    351 |    351 |      0 |    241 |      1 |   1 |  351.0 |
               +--------+--------+--------+--------+--------+-----+--------+

Top non-repeatable levels by time:
       D: 351 daAuts
